AoeStats
← evirbek

Arena

510539650Analyzed
2v2 RM · 16h ago on Oct 1, 2026· 39m 20s· 4 players
Game mode
Random Map
Map size
Medium (4 player)
Population
200
Speed
Normal
Resources
Standard
Victory
Conquest
Starting age
Dark Age
Ending age
Imperial Age
RankedLock teamsTeams togetherTeam positionsShared explorationLock speedFull tech treeHidden civsTurbo modeCheats
Victory
Defeat
🇨🇳 Jurchens · China
811
+15
🇨🇳 Teutons · China
810
+15
🇹🇷 Goths · Türkiye
790
-15
🇹🇷 Britons · Türkiye
789
-15
SOKOMYS
6:33 Loom
10:43 Feudal Age
16:21 Castle Age
16:19 Double-Bit Axe
16:16 Horse Collar
17:55 Town Watch
19:00 Gold Mining
26:29 Padded Archer Armor
26:19 Fletching
28:15 Wheelbarrow
28:46 Bodkin Arrow
29:07 Leather Archer Armor
30:14 Ballistics
31:00 Scale Barding Armor
32:22 Chain Barding Armor
32:14 Forging
34:28 Iron Casting
38:12 Imperial Age
36:10 Hand Cart
35:57 Town Patrol
36:14 Masonry
37:13 Heavy Plow
37:26 Anarchy
37:32 Scale Mail Armor
37:37 Caravan
38:17 Capped Ram
38:33 Heavy Cavalry Archer
evirbek
11:50 Feudal Age
贪心大宝
10:26 Feudal Age
15:03 Castle Age
13:25 Double-Bit Axe
13:35 Horse Collar
16:39 Heavy Plow
17:01 Bow Saw
18:42 Stone Mining
20:16 Wheelbarrow
22:43 Gold Mining
25:09 Squires
25:12 Arson
25:13 Gambesons
25:34 Scale Mail Armor
26:48 Chain Mail Armor
27:19 Ironclad
27:25 Forging
31:56 Imperial Age
29:42 Hand Cart
30:20 Ballistics
30:11 Fortified Wall
30:12 Masonry
30:19 Elite Skirmisher
30:55 Fletching
34:33 Chemistry
34:04 Conscription
33:08 Elite Teutonic Knight
34:11 Crenellations
34:04 Bodkin Arrow
34:10 Padded Archer Armor
34:47 Iron Casting
34:19 Capped Ram
35:10 Town Watch
35:10 Loom
36:28 Two-Man Saw
36:04 Crop Rotation
36:10 Leather Archer Armor
36:40 Siege Engineers
36:22 Arrowslits
36:57 Guilds
38:14 Plate Mail Armor
38:15 Ring Archer Armor
39:16 Blast Furnace
38:55 Hoardings
39:06 Hoardings
楠
11:59 Feudal Age
11:25 Loom
12:38 Double-Bit Axe
16:47 Castle Age
18:05 Bow Saw
17:36 Horse Collar
18:39 Wheelbarrow
19:08 Stone Mining
19:32 Heavy Plow
22:16 Hand Cart
25:54 Gold Mining
25:57 Stone Mining
29:40 Imperial Age
27:34 Forging
27:32 Scale Barding Armor
28:58 Husbandry
29:09 Bloodlines
30:43 Gold Shaft Mining
30:22 Heavy Rocket Cart
32:12 Two-Man Saw
31:45 Crop Rotation
31:35 Treadmill Crane
32:00 Siege Engineers
32:40 Elite Steppe Lancer
33:44 Conscription
34:33 Iron Casting
34:19 Chain Barding Armor
35:05 Chemistry
34:17 Masonry
34:28 Ballistics
34:30 Guilds
35:17 Stone Shaft Mining
36:48 Blast Furnace
37:08 Thunderclap Bombs
37:57 Plate Barding Armor
37:23 Padded Archer Armor
39:17 Architecture
38:58 Fortified Wall
Connection lost

Rejoining the realm…

Still unreachable

The connection could not be restored.

Session expired

The server has moved on; the page needs a fresh start.